[Event "Team 45 45 League T80"]
[Site "Internet Chess Club"]
[Date "2019.04.26"]
[Round "5"]
[White "harlyman"]
[Black "warsaviensis"]
[Result "1/2-1/2"]
[WhiteElo "1860"]
[BlackElo "1904"]
[Opening "King's Indian: Smyslov system"]
[ECO "E61"]
[Time "15:39:43"]
[TimeControl "2700+45"]

1. d4 Nf6 2. c4 g6 3. Nc3 Bg7 4. Bg5 d6 5. Nf3 O-O 6. e3 c5 7. Be2 cxd4 8. Nxd4
Nc6 9. O-O Qa5 10. Bh4 a6 11. Rc1 Bd7 12. a3 Nxd4 13. exd4 Rac8 14. Re1 Rfe8 15.
Qd2 b5 16. b4 Qxa3 17. Nb1 Qa1 18. Nc3 Qa3 {Game drawn by mutual agreement}
1/2-1/2

[Event "Team 45 45 League T80"]
[Site "Internet Chess Club"]
[Date "2019.04.29"]
[Round "5"]
[White "bobhill"]
[Black "ivanson"]
[Result "1-0"]
[WhiteElo "1786"]
[BlackElo "1655"]
[Opening "King's Indian: Torre attack"]
[ECO "A48"]
[Time "21:00:36"]
[TimeControl "2700+45"]

1. d4 Nf6 2. Nf3 g6 3. Bg5 Bg7 4. Nbd2 O-O 5. e4 d5 6. e5 Ne4 7. Bh4 c5 8. c3
Nc6 9. Be2 f6 10. exf6 Bxf6 11. Bxf6 Nxf6 12. dxc5 e5 13. b4 Ng4 14. h3 Nxf2 15.
Kxf2 e4 16. Rf1 Ne5 17. Kg1 exf3 18. Nxf3 Nxf3+ 19. Bxf3 Be6 20. Qd4 Qd7 21.
Rae1 Rf7 22. Rxe6 Rxf3 23. Rxg6+ hxg6 24. Rxf3 Re8 25. Qf4 Qe6 26. a4 {Black
resigns} 1-0

[Event "Team 45 45 League T80"]
[Site "Internet Chess Club"]
[Date "2019.04.24"]
[Round "5"]
[White "Demachaeron"]
[Black "tightfist"]
[Result "1-0"]
[WhiteElo "1888"]
[BlackElo "1479"]
[Opening "QGD: 4.Bg5"]
[ECO "D50"]
[Time "21:01:41"]
[TimeControl "2700+45"]

1. d4 Nf6 2. c4 e6 3. Nc3 d5 4. Bg5 dxc4 5. e4 Be7 6. Bxc4 h6 7. Bh4 Nc6 8. Nge2
a6 9. a4 Na5 10. Bd3 Bd7 11. O-O O-O 12. h3 Nd5 13. Bg3 Nb4 14. Bb1 f5 15. exf5
exf5 16. Nf4 Rf6 17. Nfd5 Nxd5 18. Nxd5 Rc6 19. Qe1 Bd6 20. Qxa5 b6 21. Qd2 Be6
22. Nc3 Bb4 23. Be5 b5 24. Qe3 Bc4 25. Ba2 Bxc3 26. Bxc4+ Rxc4 27. bxc3 bxa4 28.
Qd3 Rc5 29. f4 Qd7 30. Qf3 Rc6 31. d5 Rb6 32. d6 c6 33. Rxa4 Rab8 34. Rfa1 Qa7
35. Qd3 Rb4+ 36. Bd4 c5 37. Rxb4 Rxb4 38. cxb4 cxd4 39. Rxa6 Qd7 40. Qxd4 Qb7
41. Ra7 Qc6 42. Qxg7# {Black checkmated} 1-0

[Event "Team 45 45 League T80"]
[Site "Internet Chess Club"]
[Date "2019.04.26"]
[Round "5"]
[White "Ajolote"]
[Black "freakypawn"]
[Result "0-1"]
[WhiteElo "1896"]
[BlackElo "1785"]
[Opening "French: Chigorin variation"]
[ECO "C00"]
[Time "13:01:18"]
[TimeControl "2700+45"]

1. e4 e6 2. Qe2 c5 3. Nf3 Nc6 4. g3 Be7 5. Bg2 d5 6. exd5 exd5 7. O-O Nf6 8. d3
O-O 9. Nc3 h6 10. Bf4 Bg4 11. h3 Be6 12. Kh2 Rc8 13. a3 a6 14. Be5 Nxe5 15. Nxe5
Qc7 16. Rae1 Rfe8 17. f4 Bd6 18. Qf3 b5 19. Ng4 Bxg4 20. hxg4 d4 21. Nd5 Nxd5
22. Qxd5 Rcd8 23. Rxe8+ Rxe8 24. Be4 Qd7 25. Qf5 Qxf5 26. gxf5 a5 27. Kg2 c4 28.
Kf2 c3 29. bxc3 dxc3 30. Bc6 Bc5+ 31. Kf3 Re3+ 32. Kg4 Re2 33. a4 b4 34. Rc1 b3
35. cxb3 c2 36. Kf3 Rf2+ 37. Ke4 Ba3 38. Ke3 Bxc1+ {White resigns} 0-1

[Event "Team 45 45 League T80"]
[Site "Internet Chess Club"]
[Date "2019.04.27"]
[Round "5"]
[White "Packerfan"]
[Black "MarcB"]
[Result "1-0"]
[WhiteElo "1685"]
[BlackElo "1659"]
[Opening "Scandinavian (center counter) defense"]
[ECO "B01"]
[Time "15:01:27"]
[TimeControl "2700+45"]

1. e4 d5 2. exd5 Qxd5 3. Nc3 Qd8 4. d4 Nf6 5. Nf3 Bg4 6. Be2 e6 7. h3 Bxf3 8.
Bxf3 c6 9. O-O Nbd7 10. Bf4 Be7 11. Re1 O-O 12. Ne4 Nxe4 13. Bxe4 Nf6 14. Bd3
Qb6 15. Rb1 Rad8 16. c3 c5 17. dxc5 Bxc5 18. Qe2 Nd5 19. Bg3 Bd6 20. Bxd6 Qxd6
21. Rbd1 Qb6 22. Bb1 g6 23. Rd4 Ne7 24. Red1 Nc6 25. Rxd8 Rxd8 26. Rxd8+ Qxd8
27. Qd3 Qb6 28. b3 Qc7 29. c4 b6 30. Qd2 a5 31. Be4 Ne7 32. g3 Kg7 33. Qd4+ e5
34. Qd2 f5 35. Bg2 Kf6 36. Qh6 Ng8 37. Qf8+ Qf7 38. Qd8+ Kg7 39. Qxb6 a4 40. Bd5
Qe7 41. Qe6 Qxe6 42. Bxe6 axb3 43. axb3 Ne7 44. b4 Kf6 45. Bd7 e4 46. Kf1 Ke5
47. Ke2 Kd6 48. Ba4 Nc8 49. Ke3 Ke5 50. c5 g5 51. Bb3 Ne7 52. b5 f4+ 53. gxf4+
gxf4+ 54. Kd2 Nd5 55. Bxd5 Kxd5 56. c6 Kd6 57. h4 Kc7 58. h5 h6 59. Kc3 Kb6 60.
Kd4 e3 61. fxe3 f3 62. Kd3 f2 63. Ke2 {Black resigns} 1-0

[Event "Team 45 45 League T80"]
[Site "Internet Chess Club"]
[Date "2019.04.29"]
[Round "5"]
[White "joaoazm"]
[Black "sergerich191"]
[Result "1/2-1/2"]
[WhiteElo "1698"]
[BlackElo "1724"]
[Opening "Benkö gambit"]
[ECO "A57"]
[Time "19:00:31"]
[TimeControl "2700+45"]

1. d4 Nf6 2. c4 c5 3. d5 b5 4. Nf3 bxc4 5. Nc3 d6 6. e4 g6 7. e5 dxe5 8. Nxe5
Bg7 9. Bxc4 O-O 10. O-O Nfd7 11. Nc6 Nxc6 12. dxc6 Nb6 13. Qxd8 Rxd8 14. Be2 Be6
15. c7 Rd7 16. Bf3 Bd5 17. Rd1 Bxf3 18. Rxd7 Nxd7 19. gxf3 Bxc3 20. bxc3 Rc8 21.
Bf4 e5 22. Bg3 Rxc7 23. Re1 f6 24. f4 exf4 25. Bxf4 Rb7 26. Re7 Rb1+ 27. Kg2 Rd1
28. Re8+ Kf7 29. Ra8 Ke6 30. Rxa7 Rd3 31. Ra3 Kd5 32. Bc7 Ne5 33. Bd8 Nd7 34.
Ra7 Kc4 35. Ba5 Kb5 36. Kf1 Rd6 37. a4+ Kc4 38. Rb7 Ra6 39. Rb5 Ne5 40. Kg2 Nf7
41. Bb6 Rxa4 42. Rxc5+ Kd3 43. Rc8 Rc4 44. Rxc4 Kxc4 45. Bd4 f5 46. h4 Nd6 47.
Kg3 h5 48. Kf4 Nf7 49. Bf6 Kd3 50. Be5 Kc4 51. Bd4 Kd3 52. Be5 {Game drawn by
mutual agreement} 1/2-1/2

[Event "Team 45 45 League T80"]
[Site "Internet Chess Club"]
[Date "2019.04.29"]
[Round "5"]
[White "Gojira"]
[Black "Insan996"]
[Result "1-0"]
[WhiteElo "1595"]
[BlackElo "1584"]
[Opening "Queen's pawn: London system"]
[ECO "A45"]
[Time "23:12:01"]
[TimeControl "2700+45"]

1. d4 Nf6 2. Bf4 e6 3. e3 Bd6 4. Bg5 Be7 5. Bd3 O-O 6. Nf3 b6 7. Nbd2 Bb7 8. h4
h6 9. Bf4 Bd6 10. Ne5 Bxg2 11. Rg1 Nd5 12. Rxg2 Nxf4 13. exf4 Qxh4 14. Qg4 Qxg4
15. Rxg4 Be7 16. O-O-O d6 17. Rdg1 Bf6 18. Ne4 Bxe5 19. fxe5 g6 20. Nf6+ Kh8 21.
Bxg6 fxg6 22. Rxg6 Rxf6 {Black resigns} 1-0

[Event "Team 45 45 League T80"]
[Site "Internet Chess Club"]
[Date "2019.04.26"]
[Round "5"]
[White "santiagoelawad"]
[Black "primerpaso"]
[Result "1-0"]
[WhiteElo "1911"]
[BlackElo "1783"]
[Opening "King's Indian: fianchetto, classical main line"]
[ECO "E69"]
[Time "19:01:43"]
[TimeControl "2700+45"]

1. c4 g6 2. Nc3 Bg7 3. g3 c6 4. Bg2 Nf6 5. e4 d6 6. d4 Nbd7 7. Nf3 e5 8. O-O O-O
9. h3 Re8 10. d5 Nc5 11. Ne1 cxd5 12. cxd5 Bd7 13. Be3 Rc8 14. Rc1 b5 15. b4 Na6
16. Nd3 Rc7 17. Qb3 Qb8 18. Rc2 Rec8 19. Rfc1 Ne8 20. g4 h6 21. Bf1 Qb7 22. f3
Kh7 23. Qa3 Nb8 24. Qa5 Qa6 25. a3 Qxa5 26. bxa5 Bf6 27. Nb4 a6 28. Bb6 Rb7 29.
Nd1 Nc7 30. Rxc7 {Black resigns} 1-0

[Event "Team 45 45 League T80"]
[Site "Internet Chess Club"]
[Date "2019.04.27"]
[Round "5"]
[White "kabindra"]
[Black "Portola"]
[Result "1-0"]
[WhiteElo "1747"]
[BlackElo "1762"]
[Opening "French: advance, Euwe variation"]
[ECO "C02"]
[Time "14:01:06"]
[TimeControl "2700+45"]

1. e4 e6 2. d4 d5 3. e5 c5 4. c3 Nc6 5. Nf3 Bd7 6. Bd3 cxd4 7. cxd4 Nge7 8. O-O
Qb6 9. Nbd2 Ng6 10. Nb3 Be7 11. Nc5 Bxc5 12. dxc5 Qxc5 13. Be3 Qa5 14. b4 Qd8
15. Bg5 Qb8 16. Re1 O-O 17. b5 Nb4 18. Bxg6 fxg6 19. Be7 Rf4 20. a3 Bxb5 21.
axb4 Qe8 22. Bd6 Qf7 23. Bc5 a6 24. Be3 Rxb4 25. Nd4 Bd7 26. Qd2 Rc4 27. Qa5 h6
28. Qb6 Bc6 29. Reb1 Rc8 30. Nxc6 R4xc6 31. Qxb7 Qf5 32. Rxa6 Qc2 33. Rxc6 Rxc6
34. h3 d4 35. Bxd4 Qe4 36. Qb2 Rc2 37. Qb8+ Kh7 38. Be3 Rc3 39. Re1 Qc4 40. Qd6
Rc2 41. Qd4 Qc6 42. Rd1 Qc8 43. Qh4 Qa6 44. Bxh6 Rc4 45. Bf4+ Kg8 46. Qd8+ Kh7
47. Qf8 g5 48. Rd7 Qa1+ 49. Kh2 Kg6 50. Rxg7+ {Black resigns} 1-0

[Event "Team 45 45 League T80"]
[Site "Internet Chess Club"]
[Date "2019.04.24"]
[Round "5"]
[White "QuieroAprender"]
[Black "Achelous11"]
[Result "0-1"]
[WhiteElo "1639"]
[BlackElo "1624"]
[Opening "Sicilian defense"]
[ECO "B20"]
[Time "18:01:21"]
[TimeControl "2700+45"]

1. e4 c5 2. Bc4 g6 3. f4 Bg7 4. Nf3 Nc6 5. c3 e6 6. d4 cxd4 7. cxd4 d5 8. exd5
exd5 9. Qe2+ Nge7 10. Bb3 O-O 11. O-O Bg4 12. Be3 Re8 13. Qd3 Bxf3 14. Rxf3 Nf5
15. Bf2 Nfxd4 16. Rh3 Ne2+ 17. Kf1 Nxf4 {White resigns} 0-1

[Event "Team 45 45 League T80"]
[Site "Internet Chess Club"]
[Date "2019.04.28"]
[Round "5"]
[White "julesraider"]
[Black "MartyJR"]
[Result "1-0"]
[WhiteElo "1591"]
[BlackElo "1343"]
[Opening "QGD Slav: Dutch variation"]
[ECO "D18"]
[Time "12:00:48"]
[TimeControl "2700+45"]

1. d4 d5 2. c4 c6 3. Nf3 Nf6 4. Nc3 dxc4 5. a4 Bf5 6. e3 e6 7. Bxc4 Bb4 8. O-O
O-O 9. Na2 Bd6 10. b4 Nbd7 11. Qb3 Nb6 12. Be2 Nbd7 13. Nc3 a6 14. Ba3 b5 15.
Rac1 Rc8 16. Rfd1 Ne4 17. Ne5 Bxe5 18. dxe5 Qe7 19. f3 Nxc3 20. Qxc3 Rfd8 21. e4
Bg6 22. Rd6 Nb8 23. Rcd1 Rxd6 24. exd6 Qd7 25. Qd4 Rd8 26. axb5 cxb5 27. Qb6 Rc8
28. Bb2 Qd8 29. Qd4 f6 30. Rc1 Rxc1+ 31. Bxc1 e5 32. Qc5 Nd7 33. Qc7 Qxc7 34.
dxc7 Nb6 35. Be3 Nc8 36. Bd3 Be8 37. f4 exf4 38. Bxf4 Bd7 39. Bc2 Bc6 40. Kf2
Bb7 41. Bb3+ Kf8 42. Ke3 Ke7 43. Bd5 Bxd5 44. exd5 Kd7 45. Kd4 g6 46. h4 h5 47.
Kc5 f5 48. g3 Ne7 49. Bg5 Nc8 50. Bd8 Nd6 51. Kb6 Kc8 52. Kc6 Nb7 53. Be7 a5 54.
d6 Nxd6 55. Bxd6 a4 56. Kxb5 a3 57. Kc6 a2 58. Be5 f4 59. gxf4 g5 60. hxg5 a1=Q
61. Bxa1 h4 62. g6 h3 63. g7 h2 64. g8=Q# {Black checkmated} 1-0

[Event "Team 45 45 League T80"]
[Site "Internet Chess Club"]
[Date "2019.04.27"]
[Round "5"]
[White "fishhead"]
[Black "Monterrey"]
[Result "0-1"]
[WhiteElo "1714"]
[BlackElo "1968"]
[Opening "French: Tarrasch, closed variation, main line"]
[ECO "C06"]
[Time "17:02:36"]
[TimeControl "2700+45"]

1. e4 e6 2. d4 d5 3. Nd2 Nf6 4. e5 Nfd7 5. Bd3 c5 6. c3 Nc6 7. Ne2 cxd4 8. cxd4
f6 9. f4 fxe5 10. fxe5 Nxd4 11. Nxd4 Qh4+ 12. g3 Qxd4 13. Nf3 Bb4+ 14. Kf1 Qg4
15. Kg2 O-O 16. Bxh7+ Kh8 17. Bc2 Qxf3+ 18. Qxf3 Rxf3 19. Kxf3 Nxe5+ 20. Ke2 Nc6
21. Be3 e5 22. h3 Be6 23. a3 Be7 24. Raf1 d4 25. Bd2 Bc4+ 26. Bd3 Bd5 27. Rhg1
e4 28. Bb5 d3+ 29. Ke1 Nd4 30. Ba4 Bc5 31. Rh1 b5 32. Bd1 Re8 33. Bh5 Re5 34. b4
Bb6 35. Rf8+ Kh7 36. Bf7 e3 37. Bc3 d2+ 38. Bxd2 exd2+ 39. Kxd2 Bxh1 40. Bg8+
Kg6 41. h4 Re2+ 42. Kd3 Be4+ 43. Kc3 Rc2# {White checkmated} 0-1

[Event "Team 45 45 League T80"]
[Site "Internet Chess Club"]
[Date "2019.04.27"]
[Round "5"]
[White "laurenpar"]
[Black "room-matt"]
[Result "1-0"]
[WhiteElo "1894"]
[BlackElo "1741"]
[Opening "Nimzovich-Larsen attack: modern variation"]
[ECO "A01"]
[Time "02:02:13"]
[TimeControl "2700+45"]

1. b3 e5 2. Bb2 Nc6 3. e3 d6 4. d4 exd4 5. exd4 d5 6. Nf3 Bg4 7. Be2 Nf6 8. O-O
Bd6 9. h3 Bh5 10. Ne5 Bxe2 11. Qxe2 O-O 12. Nxc6 bxc6 13. Nd2 Re8 14. Qf3 Rb8
15. Rfe1 Qd7 16. Kf1 a5 17. a4 Bb4 18. Bc3 Re7 19. Bxb4 axb4 20. Rxe7 Qxe7 21.
Re1 Qd7 22. Re5 Re8 23. Rxe8+ Qxe8 24. Qe2 Qb8 25. Qe7 Ne8 26. Nf3 Nd6 27. Ne5
Qc8 28. Ke1 g6 29. Qd7 Qxd7 30. Nxd7 Nf5 31. a5 Nxd4 32. Nb8 Nxc2+ 33. Kd1 Na3
34. Nxc6 Nb5 35. Nxb4 d4 36. Nc6 f5 37. a6 Kf8 38. a7 Nxa7 39. Nxa7 c5 40. Nb5
Ke7 41. Kd2 Ke6 42. f4 Kd5 43. Kd3 h6 44. h4 Kc6 45. Nxd4+ cxd4 46. Kxd4 Kd6 47.
b4 h5 48. b5 Ke6 49. b6 Kd6 50. b7 Kc7 51. Ke5 Kxb7 52. Kf6 Kc6 53. Kxg6 Kd6 54.
Kxf5 Ke7 55. Kg5 Kf7 56. Kxh5 Kg7 57. Kg5 {Black resigns} 1-0

[Event "Team 45 45 League T80"]
[Site "Internet Chess Club"]
[Date "2019.04.26"]
[Round "5"]
[White "bgolev"]
[Black "LittleButton"]
[Result "0-1"]
[WhiteElo "1838"]
[BlackElo "1844"]
[Opening "QGD semi-Slav: accelerated Meran (Alekhine variation)"]
[ECO "D45"]
[Time "15:01:16"]
[TimeControl "2700+45"]

1. d4 d5 2. Nf3 Nf6 3. c4 e6 4. Nc3 c6 5. e3 a6 6. a4 c5 7. Bd3 Nc6 8. O-O Be7
9. b3 O-O 10. Bb2 b6 11. Rc1 Bb7 12. Re1 Nb4 13. Bb1 Ne4 14. Qe2 f5 15. Ne5 Bf6
16. Red1 cxd4 17. exd4 a5 18. Nb5 Bg5 19. Rc3 Nxc3 20. Bxc3 Qe7 21. g3 f4 22.
Qh5 g6 23. Bxg6 hxg6 24. Nxg6 Qf6 25. Nxf8 Rxf8 26. h4 Bh6 27. g4 Bg7 28. g5 Qf5
29. Nd6 Qh3 30. f3 Qg3+ 31. Kf1 Nc2 32. Ke2 Qg2+ 33. Kd3 dxc4+ 34. bxc4 Bxf3 35.
Qxf3 Qxf3+ 36. Kxc2 Qh3 37. Be1 f3 38. Ne4 Qf5 39. Kd3 Rd8 40. Bf2 Bxd4 41. Bxd4
e5 42. Ke3 exd4+ {White resigns} 0-1

[Event "Team 45 45 League T80"]
[Site "Internet Chess Club"]
[Date "2019.04.28"]
[Round "5"]
[White "Otelo"]
[Black "Goli"]
[Result "1-0"]
[WhiteElo "1699"]
[BlackElo "1676"]
[Opening "Réti: King's Indian attack"]
[ECO "A05"]
[Time "18:01:27"]
[TimeControl "2700+45"]

1. Nf3 Nf6 2. g3 g6 3. Bg2 Bg7 4. c4 d6 5. O-O O-O 6. Nc3 c6 7. d3 e5 8. Rb1 a5
9. a3 Nbd7 10. b4 axb4 11. axb4 Qc7 12. Qb3 Nb6 13. Be3 Be6 14. Ng5 Bd7 15. Rfc1
h6 16. Nge4 Nxe4 17. Nxe4 Kh7 18. Nxd6 Be6 19. Ne4 Nd7 20. Nc5 Nxc5 21. Bxc5
Rfd8 22. Be3 f5 23. f4 exf4 24. Bxf4 Qf7 25. b5 g5 26. Be3 f4 27. Bb6 Rdc8 28.
Bf2 fxg3 29. Bxg3 Bd4+ 30. Kh1 c5 31. Rf1 Qd7 32. Be4+ Kg7 33. Qd1 Ra2 34. e3
Bg4 35. Qb3 Rca8 36. exd4 Qxd4 37. Bf3 Bh3 38. Rfe1 Kf8 39. Qd1 h5 40. Bxb7 R8a7
41. Qf3+ Kg8 42. Re8+ {Black resigns} 1-0

[Event "Team 45 45 League T80"]
[Site "Internet Chess Club"]
[Date "2019.04.27"]
[Round "5"]
[White "LinceHispano44"]
[Black "limeinthecoke"]
[Result "0-1"]
[WhiteElo "1723"]
[BlackElo "1753"]
[Opening "Réti opening"]
[ECO "A04"]
[Time "15:01:15"]
[TimeControl "2700+45"]

1. Nf3 g6 2. c4 c5 3. e4 d6 4. d4 cxd4 5. Qxd4 Nf6 6. e5 Nc6 7. Qf4 dxe5 8. Nxe5
Qa5+ 9. Qd2 Qxe5+ 10. Be2 Bg7 11. O-O O-O 12. Rd1 Be6 13. Nc3 Rfd8 14. Qc2 Nd4
15. Rxd4 Rxd4 16. b3 Rad8 17. Qb2 Ne4 18. Be3 Nxc3 {White resigns} 0-1

[Event "Team 45 45 League T80"]
[Site "Internet Chess Club"]
[Date "2019.04.27"]
[Round "5"]
[White "Ajolote"]
[Black "VictorRed"]
[Result "1-0"]
[WhiteElo "1904"]
[BlackElo "1703"]
[Opening "Ruy Lopez: old Steinitz defense"]
[ECO "C62"]
[Time "21:04:21"]
[TimeControl "2700+45"]

1. e4 e5 2. Nf3 Nc6 3. Bb5 d6 4. d4 exd4 5. Nxd4 Bd7 6. O-O Nxd4 7. Bxd7+ Qxd7
8. Qxd4 Ne7 9. Nc3 Nc6 10. Qe3 O-O-O 11. Nd5 Re8 12. b4 Kb8 13. Bb2 Qe6 14. Rfe1
Ne5 15. Bd4 Nc6 16. a4 Nxd4 17. Qxd4 c6 18. Nc3 Rg8 19. b5 c5 20. Qd2 g5 21. Nd5
Bg7 22. Rab1 Bd4 23. b6 axb6 24. Rxb6 Rg7 25. c3 Be5 26. Reb1 f5 27. Qb2 Qd7 28.
exf5 Rf8 29. a5 Rxf5 30. a6 Qc8 31. Rxb7+ Rxb7 32. Qxb7+ Qxb7 33. Rxb7+ Kc8 34.
Ne7+ {Black resigns} 1-0

[Event "Team 45 45 League T80"]
[Site "Internet Chess Club"]
[Date "2019.04.24"]
[Round "5"]
[White "QuieroAprender"]
[Black "Beddathanme"]
[Result "0-1"]
[WhiteElo "1628"]
[BlackElo "1755"]
[Opening "Scandinavian defense"]
[ECO "B01"]
[Time "20:06:03"]
[TimeControl "2700+45"]

1. e4 d5 2. exd5 Nf6 3. Bb5+ Nbd7 4. Nc3 a6 5. Ba4 b5 6. Bb3 Nc5 7. Nge2 Bb7 8.
d3 e6 9. dxe6 Nxb3 10. exf7+ Kxf7 11. axb3 Bd6 12. O-O Bxh2+ 13. Kxh2 Ng4+ 14.
Kg3 h5 15. Ne4 Qd7 16. Rh1 h4+ 17. Rxh4 Rxh4 18. Ng5+ Ke7 19. Kxh4 Nxf2 20. Ne6
Nxd1 21. Bg5+ Kxe6 22. Nf4+ Kf5 23. g4+ Ke5 24. Rxd1 Kd6 25. Ng6 Re8 26. Bf4+
Kc6 27. Ne5+ Rxe5 28. Bxe5 Qe7+ {White resigns} 0-1

[Event "Team 45 45 League T80"]
[Site "Internet Chess Club"]
[Date "2019.04.27"]
[Round "5"]
[White "nealbruce"]
[Black "Andaluz"]
[Result "1-0"]
[WhiteElo "1729"]
[BlackElo "1235"]
[Opening "Sicilian: Alapin's variation (2.c3)"]
[ECO "B22"]
[Time "12:30:23"]
[TimeControl "2700+45"]

1. e4 c5 2. c3 d6 3. d4 cxd4 4. cxd4 g6 5. Nf3 Bg7 6. Nc3 a6 7. Be2 Nf6 8. O-O
O-O 9. Bf4 Nbd7 10. h3 b5 11. e5 dxe5 12. dxe5 Nh5 13. Bh2 e6 14. g4 Nhf6 15.
exf6 Nxf6 16. Qxd8 Rxd8 17. Rfd1 Bb7 18. Rxd8+ Rxd8 19. Rd1 Rxd1+ 20. Bxd1 Nd7
21. a3 Nb6 22. Ne5 Bxe5 23. Bxe5 Nc4 24. Bf6 Nxb2 25. Be2 Bc6 26. Nxb5 axb5 27.
Bxb2 f5 28. Be5 Kf7 29. g5 Ke8 30. f4 Kd7 31. Kf2 Kc8 32. Ke3 Kd7 33. Kd4 Kc8
34. Kc5 Kd7 35. Bxb5 Bxb5 36. Kxb5 {Black resigns} 1-0

[Event "Team 45 45 League T80"]
[Site "Internet Chess Club"]
[Date "2019.04.24"]
[Round "5"]
[White "harlyman"]
[Black "QuieroAprender"]
[Result "1-0"]
[WhiteElo "1858"]
[BlackElo "1657"]
[Opening "QGA, 4.Nc3"]
[ECO "D24"]
[Time "16:30:25"]
[TimeControl "2700+45"]

1. d4 d5 2. c4 dxc4 3. Nc3 Nf6 4. Nf3 Bg4 5. Ne5 Bh5 6. h3 Nbd7 7. g4 Bg6 8.
Nxc4 c6 9. Bg2 e6 10. O-O b5 11. Ne5 Nxe5 12. dxe5 Qxd1 13. Rxd1 Nd5 14. a4 b4
15. Ne4 Bxe4 16. Bxe4 Be7 17. Bd2 O-O 18. Rac1 a5 19. Rxc6 Rfc8 20. Rdc1 Rxc6
21. Rxc6 Rd8 22. Bd3 Ra8 23. e4 Nf6 24. exf6 Bxf6 25. Bc1 Rd8 26. Be2 h6 27. b3
Rd4 28. Rc4 Rxc4 29. Bxc4 Bd8 30. Be3 e5 31. Bd5 Kf8 32. Kf1 Bc7 33. Ke2 Ke7 34.
Kd3 Kf6 35. Kc4 {Black resigns} 1-0

[Event "Team 45 45 League T80"]
[Site "Internet Chess Club"]
[Date "2019.04.25"]
[Round "5"]
[White "MartyJR"]
[Black "mongmong"]
[Result "0-1"]
[WhiteElo "1333"]
[BlackElo "1554"]
[Opening "Nimzo-Indian: Sämisch, O'Kelly variation"]
[ECO "E26"]
[Time "20:02:50"]
[TimeControl "2700+45"]

1. d4 e6 2. c4 Nf6 3. Nc3 Bb4 4. a3 Bxc3+ 5. bxc3 c5 6. e3 b6 7. Nf3 Bb7 8. Bd3
O-O 9. O-O Be4 10. Bxe4 Nxe4 11. Qc2 f5 12. Nd2 Nxd2 13. Qxd2 d6 14. f4 Nc6 15.
d5 Na5 16. dxe6 Qe7 17. Qd5 Rfe8 18. Qxf5 Nxc4 19. Re1 Qxe6 20. Qxe6+ Rxe6 21.
a4 Rae8 22. Ra2 Kf7 23. Rae2 Re4 24. Kf2 Na5 25. Rd1 Rxa4 26. Rxd6 Rae4 27. Rd7+
R8e7 28. Rxe7+ Rxe7 29. e4 Rd7 30. e5 Rd3 31. Re3 Rd1 32. Re1 Rxe1 33. Kxe1 Ke6
34. Ke2 Kd5 35. Ke3 Nc4+ 36. Kd3 b5 37. g4 g6 38. Kc2 a5 39. Kb3 a4+ 40. Ka2 h5
41. h3 Nb6 42. Ka3 Ke6 43. Ka2 Nd5 44. Bd2 hxg4 45. hxg4 g5 46. f5+ Kxe5 47.
Bxg5 Nxc3+ 48. Kb2 Nd1+ 49. Ka3 Nf2 50. f6 Ke6 51. Be3 Nxg4 52. Bxc5 Ne5 53. Kb4
Nd3+ 54. Kxb5 Nxc5 55. Kb4 Kxf6 56. Ka3 Ke5 57. Kb4 Kd4 58. Ka3 Kc4 59. Ka2 Kb4
60. Kb2 a3+ 61. Ka2 Na4 62. Ka1 Kb3 63. Kb1 Nb6 64. Ka1 Nd5 65. Kb1 Ne3 66. Ka1
Nc2+ 67. Kb1 a2+ {White resigns} 0-1

[Event "Team 45 45 League T80"]
[Site "Internet Chess Club"]
[Date "2019.04.28"]
[Round "5"]
[White "Portola"]
[Black "wildwood"]
[Result "1/2-1/2"]
[WhiteElo "1768"]
[BlackElo "1567"]
[Opening "Queen's pawn game"]
[ECO "A45"]
[Time "10:01:19"]
[TimeControl "2700+45"]

1. d4 Nf6 2. c3 e6 3. Nf3 d5 4. Bg5 Nbd7 5. Nbd2 c5 6. e3 Be7 7. Bd3 b6 8. Qe2
Bb7 9. O-O Ne4 10. Bf4 O-O 11. Rfe1 Rc8 12. Ba6 Bxa6 13. Qxa6 Ndf6 14. Qxa7 Bd6
15. Qa4 Bxf4 16. exf4 Qd6 17. g3 b5 18. dxc5 Qxc5 19. Qd4 Qxd4 20. cxd4 Rc2 21.
Nf1 Rxf2 22. Ne5 Rxb2 23. Reb1 Rxb1 24. Rxb1 Nc3 25. Rb3 Ne2+ 26. Kf2 Nxd4 27.
Rb4 Ne4+ 28. Kg2 Nf5 29. Rxb5 Ra8 30. a4 g6 31. Rb4 Nfd6 32. Ne3 Nc3 33. N3g4
Nde4 34. Nh6+ Kg7 35. Nhxf7 Ra7 36. Nd8 Nc5 37. Rb6 Rxa4 38. Nxe6+ Nxe6 39. Rxe6
Ra7 40. Rd6 Kf8 41. Rd8+ Kg7 42. Rd6 Rb7 43. Rd7+ Rxd7 44. Nxd7 Kf7 45. Ne5+ Ke6
46. Kf3 g5 47. Nd3 gxf4 48. Nxf4+ Ke5 49. g4 d4 50. Nd3+ Kf6 51. h4 Kg6 52. Kf4
Kf6 53. g5+ Ke6 54. h5 Nd5+ 55. Ke4 Ne7 56. Nf4+ Kf7 57. Kxd4 Nf5+ 58. Ke5 Ne7
59. Ne6 Ng6+ 60. hxg6+ Kxg6 61. Kf4 h6 62. Nf8+ Kf7 63. gxh6 Kxf8 64. Kg5 Kg8
65. Kg6 Kh8 66. h7 {Black stalemated} 1/2-1/2

[Event "Team 45 45 League T80"]
[Site "Internet Chess Club"]
[Date "2019.04.28"]
[Round "5"]
[White "tightfist"]
[Black "rubo"]
[Result "1-0"]
[WhiteElo "1481"]
[BlackElo "1551"]
[Opening "Queen's pawn game"]
[ECO "D04"]
[Time "21:31:13"]
[TimeControl "2700+45"]

1. Nf3 Nf6 2. d4 d5 3. e3 Bg4 4. Nbd2 e6 5. Be2 Bd6 6. O-O Nbd7 7. c4 b6 8. b3
O-O 9. Bb2 c6 10. Rc1 Rc8 11. Re1 Bb8 12. h3 Bxf3 13. Nxf3 Qe7 14. Bd3 Qd6 15.
Qc2 h6 16. Ne5 Qc7 17. f4 Rfe8 18. b4 dxc4 19. Nxd7 Qxd7 20. Bxc4 Nd5 21. a3 f5
22. Kf2 Qd6 23. g3 Nf6 24. Qxf5 b5 25. Bb3 Kh8 26. Qd3 Nd7 27. Qg6 Nf6 28. Rc5
Nd7 29. Rc2 Bc7 30. Rec1 Bb6 31. Rxc6 Nf8 32. Rxd6 Nxg6 33. Rxc8 Rxc8 34. Rxe6
Nf8 35. Rd6 Re8 36. a4 bxa4 37. Bxa4 Re7 38. Kf3 Nh7 39. Rd7 Re6 40. Bb3 Re8 41.
Bf7 Rc8 42. d5 Nf6 43. Bxf6 gxf6 44. Re7 Rc3 45. d6 Kg7 46. Bh5+ Kf8 47. Re6 Kg7
48. d7 Rd3 49. Be8 Bd8 50. g4 Kf8 51. h4 Kg7 52. g5 fxg5 53. fxg5 hxg5 54. hxg5
Bb6 55. Kf4 Rb3 56. Rxb6 axb6 57. d8=Q Rxb4+ 58. e4 Kg8 59. Qe7 Rd4 60. Qf7+ Kh8
61. g6 Rxe4+ 62. Kxe4 b5 63. Qh7# {Black checkmated} 1-0

[Event "Team 45 45 League T80"]
[Site "Internet Chess Club"]
[Date "2019.04.26"]
[Round "5"]
[White "nosir"]
[Black "Kingofknights"]
[Result "0-1"]
[WhiteElo "1402"]
[BlackElo "1460"]
[Opening "Caro-Kann: exchange, Rubinstein variation"]
[ECO "D00"]
[Time "11:01:22"]
[TimeControl "2700+45"]

1. d4 d5 2. Bf4 c5 3. e3 Nc6 4. c3 cxd4 5. exd4 Nf6 6. Bd3 e6 7. Nf3 Be7 8. Nbd2
O-O 9. Ne5 Nd7 10. h4 Ncxe5 11. dxe5 f5 12. g4 Nc5 13. Bc2 Bd7 14. g5 Qb6 15.
Nb3 Nxb3 16. Bxb3 Bc5 17. Qf3 a5 18. Rh2 a4 19. Bxd5 exd5 20. Qxd5+ Be6 21. Qd2
Rfd8 22. Qe2 Rd7 23. h5 Rad8 24. Qc2 Qc6 25. b4 Ba7 26. Rc1 b5 27. g6 h6 28. Qe2
Bc4 29. Qc2 Bd3 30. Qd2 Qe4+ 31. Be3 f4 32. Rh4 fxe3 33. Rxe4 exd2+ 34. Kxd2
Bxe4+ {White resigns} 0-1